 Dungeon Crawl Stone Soup version 0.30-a0-1160-g6e42c06 (webtiles) character file.

Game seed: 7864920819174830994

347 Dorkslayer the Trooper (level 6, -9/38 HPs)
             Began as a Gargoyle Fighter on Apr 25, 2023.
             Killed by divine providence
             ... invoked by an orc priest
              (16 damage)
             ... on level 4 of the Dungeon.
             The game lasted 00:04:17 (2016 turns).

Dorkslayer the Trooper (Gargoyle Fighter)           Turns: 2016, Time: 00:04:19

Health: -9/38      AC: 12    Str: 19    XL:     6   Next: 59%
Magic:  6/6        EV:  9    Int:  9    God:
Gold:   171        SH:  4    Dex: 11    Spells: 5/5 levels left

rFire   + . .        a - +0 war axe
rCold   . . .        c - +0 buckler
rNeg    + + .        b - +0 scale mail
rPois   ∞            (no helmet)
rElec   +            n - +0 cloak
rCorr   .            (no gloves)
SInv    .            (no boots)
Will    .....        (no amulet) Stlth
                     k - ring of positive energy
HPRegen 0.26/turn    p - ring of protection from fire
MPRegen 0.10/turn

%: no passive effects
@: no status effects
A: sickness immunity, AC +4, negative energy resistance 1, electricity
resistance, torment resistance 1, petrification resistance
a: no special abilities


You were on level 4 of the Dungeon.
You visited 1 branch of the dungeon, and saw 4 of its levels.

You collected 171 gold pieces.

Inventory:

Hand Weapons
 a - a +0 war axe (weapon)
Missiles
 f - 4 boomerangs (quivered)
Armour
 b - a +0 scale mail (worn)
 c - a +0 buckler (worn)
 n - a +0 cloak (worn)
Jewellery
 k - a ring of positive energy (left hand)
 p - a ring of protection from fire (right hand)
Wands
 q - a wand of flame (17)
Scrolls
 e - a scroll of teleportation {unknown}
 g - 3 scrolls of blinking {unknown}
 h - 3 scrolls of identify {unknown}
 i - a scroll of fear {unknown}
 j - a scroll of silence {unknown}
 o - a scroll of magic mapping {unknown}
 r - a scroll of noise {unknown}
 t - a scroll of poison {unknown}
Potions
 d - a potion of might
 l - a potion of brilliance {unknown}
 m - a potion of mutation {unknown}
 s - a potion of invisibility {unknown}
 u - a potion of ambrosia {unknown}


   Skills:
 + Level 4.1 Fighting
 + Level 3.9 Axes
 * Level 2.0 Throwing
 + Level 3.9 Armour
 + Level 1.3 Dodging
 + Level 3.8 Shields
 * Level 1.4 Evocations


You had 5 spell levels left.
You didn't know any spells.
Your spell library was empty.

Dungeon Overview and Level Annotations

Branches:
Dungeon (4/15)
 Temple: D:4-7

Altars:


Innate Abilities, Weirdness & Mutations

You are immune to sickness and miasma.
Your stone body is resilient. (AC +4)
You are immune to poison.
You resist negative energy. (rN+)
You are resistant to electric shocks. (rElec)
You are resistant to unholy torment.
You are immune to petrification.


Message History

The black bear is moderately wounded.
The howler monkey hoots and howls with incredible vigour!
The black bear closely misses you. x2; The black bear barely misses you.
You hear a shout!
You hear an angry hiss.
You slash the black bear!
The black bear is severely wounded.
The black bear bites you but does no damage.
The black bear claws you but does no damage.
The black bear barely misses you.
You slash the black bear!
You kill the black bear!
The howler monkey hits you but does no damage.
Your Fighting skill increases to level 4!
You have reached level 6!
You barely miss the howler monkey.
The howler monkey is heavily wounded.
The howler monkey barely misses you. x2
You slash the howler monkey!
You kill the howler monkey!
Your Throwing skill increases to level 2!
You see here a howler monkey corpse.
There is an open door here.
An endoplasm comes into view.
The endoplasm quivers.
Things that are here:
a +0 dagger; a stone; a +0 ring mail An orc priest comes into view.
It is wielding a +0 hand axe and wearing the +1 robe "Tujycka" {rN+}.
An orc comes into view. It is wielding a +0 short sword.
The orc priest mumbles some strange prayers to Beogh against you.
Beogh smites you!
An orc comes into view. It is wielding a +0 flail.
The orc shouts!
An orc priest comes into view.
It is wielding a +1 short sword of venom.
You closely miss the orc.
The orc priest mumbles some strange prayers to Beogh against you.
Beogh smites you! The orc hits you with a +0 flail!
* * * LOW HITPOINT WARNING * * *
The orc priest mumbles some strange prayers to Beogh against you.
Beogh smites you!
You die...

####.# #..##.....#
#.†..## #...#######
##'##..# ##.#....#
##...##.#####..####.###
#.)J..##...##.##......#
#...#...###............#
#...###...##..####......#
#...##
##...##...######### #...#
##@..###.# #..J# ##oo.#
.# #...# #o..# # +...
.o.'.# ..#.# .## # #


You could see 2 orc priests, 2 orcs and an endoplasm.

Vanquished Creatures
  A black bear (D:4)
  A scorpion (D:4)
  A howler monkey (D:4)
  A hound (D:4)
  A jelly (D:4)
  2 adders (D:2)
  2 worms (D:2)
  A dart slug (D:4)
  10 endoplasms
  5 giant cockroaches
  8 goblins
  3 hobgoblins
  7 jackals
  5 ball pythons
  8 bats
  3 frilled lizards
  5 kobolds
  7 rats
71 creatures vanquished.

Notes
Turn   | Place    | Note
-------+----------+-------------------------------------------
     0 | D:1      | Dorkslayer the Gargoyle Fighter began the quest for the
                  | Orb.
     0 | D:1      | Reached XP level 1. HP: 14/14 MP: 1/1
    19 | D:1      | Found a faded altar of an unknown god.
   127 | D:1      | Reached XP level 2. HP: 17/19 MP: 2/2
   894 | D:2      | Reached XP level 3. HP: 21/23 MP: 3/3
  1027 | D:2      | Reached XP level 4. HP: 24/28 MP: 4/4
  1060 | D:2      | Reached skill level 1 in Throwing
  1176 | D:2      | Reached skill level 1 in Dodging
  1813 | D:4      | Reached XP level 5. HP: 16/33 MP: 5/5
  1834 | D:4      | Reached skill level 1 in Evocations
  1992 | D:4      | Noticed a black bear
  2004 | D:4      | Killed a black bear
  2005 | D:4      | Reached skill level 4 in Fighting
  2005 | D:4      | Reached XP level 6. HP: 36/38 MP: 6/6
  2012 | D:4      | Identified the +1 robe "Tujycka" {rN+}
  2016 | D:4      | Killed from afar by an orc priest

Illustrated notes

Levels and vault maps discovered:
D:1:      ncdulo_halloftheorcs, layout_loops_corners,
          chequers_ecumenical_altar_simple_redux, minmay_misc_feat_doors,
          kennysheep_flooded_box
D:2:      layout_rooms, minmay_misc_feat_chi, ebering_dispersal_statue_hall
D:3:      layout_rooms, grunt_ministairs_8, chequers_serial_rivers_room_b
D:4:      layout_rooms, kennysheep_diamond

Skill      XL: |  1  2  3  4  5  6 |
---------------+-------------------+-----
Axes           | 2 3 |  3.9
Throwing       | 1 2 |  2.0
Dodging        | 1 |  1.3
Evocations     | 1 |  1.4
Fighting       | 4 |  4.1
Armour         | |  3.9
Shields        | |  3.8

Action                     |  1- 3 |  4- 6 || total
---------------------------+-------+-------++-------
  Melee: War axe           |    93 |    90 ||   183
 Armour: Scale mail        |    83 |    65 ||   148
  Dodge: Dodged            |    64 |    59 ||   123
  Block: Buckler           |    36 |    21 ||    57

Table legend: (Time is in decaauts)
 A = Elapsed time spent in this place.
 B = Non-inter-level travel time spent in this place.
 C = Inter-level travel time spent in this place.
 D = Time resting spent in this place.
 E = Time spent auto-exploring this place.
 F = Levels seen in this place.
 G = Mean time per level.
                   A        B        C        D        E       F      G
               +--------+--------+--------+--------+--------+-----+--------+
         Total |   2089 |   2089 |      0 |      0 |   1070 |   4 |  522.2 |
       Dungeon |   2089 |   2089 |      0 |      0 |   1070 |   4 |  522.2 |
               +--------+--------+--------+--------+--------+-----+--------+

Top non-repeatable levels by time:
     D:1: 902 daAuts
     D:2: 535 daAuts
     D:3: 428 daAuts
     D:4: 222 daAuts
